 Dungeon Crawl Stone Soup version 0.26-a0-489-g112e8ad46e (webtiles) character file.

Game seed: 16780642538699812559

26392 Murumi the Blocker (level 13, 0/106 HPs)
             Began as a Formicid Fighter on Aug 3, 2020.
             Was the Champion of Okawaru.
             Slain by a four-headed hydra (8 damage)
             ... on level 2 of the Lair of Beasts.
             The game lasted 01:09:34 (16932 turns).

Murumi the Blocker (Formicid Fighter)              Turns: 16932, Time: 01:09:34

Health: 0/106      AC: 21    Str: 28    XL:     13   Next: 57%
Magic:  14/18      EV: 13    Int:  9    God:    Okawaru [******]
Gold:   463        SH: 16    Dex: 13    Spells: 12/12 levels left

rFire    + . .     SeeInvis +   f - +1 hand crossbow (freeze)
rCold    + . .     Faith    .   c - +1 kite shield
rNeg     . . .     Spirit   .   v - +0 plate armour
rPois    .         Reflect  .   (helmet unavailable)
rElec    .         Harm     .   u - scarf {rC+ rF+}
rCorr    +                      s - +1 pair of gloves
MR       +....                  x - +0 pair of boots {Stlth+}
Stlth    ..........             (no amulet)
HPRegen  0.27/turn              m - ring of resist corrosion
MPRegen  0.16/turn              B - +6 ring of strength

@: heroism, finesse
A: permanent stasis, dig shafts and tunnels, four strong arms, antennae 3
a: Dig, Shaft Self, Heroism, Finesse, Renounce Religion


You were on level 2 of the Lair of Beasts.
You worshipped Okawaru.
Okawaru was exalted by your worship.
You visited 3 branches of the dungeon, and saw 13 of its levels.
You also visited: Bailey and Gauntlet.

You collected 647 gold pieces.
You spent 184 gold pieces at shops.

Inventory:

Hand Weapons
 a - a +0 great sword
 f - a +1 hand crossbow of freezing (weapon)
 z - a +2 great sword of draining
Missiles
 n - 50 bolts (quivered)
Armour
 c - a +1 kite shield (worn)
 s - a +1 pair of gloves (worn)
 u - a scarf of resistance (worn)
 v - a +0 plate armour (worn)
 x - a +0 pair of boots of stealth (worn)
Jewellery
 m - a ring of resist corrosion (left hand)
 o - an uncursed ring of ice
 B - a +6 ring of strength (right hand)
Wands
 d - a wand of random effects (63)
 k - a wand of clouds (3)
 q - a wand of enslavement (4)
Scrolls
 g - 2 scrolls of enchant weapon
 i - 2 scrolls of remove curse
 l - 3 scrolls of enchant armour
 p - 8 scrolls of identify
 r - 4 scrolls of amnesia
 A - a scroll of fog
Potions
 b - 4 potions of mutation
 e - 2 potions of lignification
 j - 2 potions of magic
 t - a potion of flight


   Skills:
 - Level 11.0(16.0) Fighting
 + Level 9.4(14.4) Long Blades
 - Level 9.0(14.0) Crossbows
 - Level 11.0(16.0) Armour
 - Level 4.0(9.0) Dodging
 - Level 12.0(17.0) Shields
 - Level 7.0 Invocations


You had 12 spell levels left.
You didn't know any spells.
Your spell library contained the following spells:

 Spells                   Type           Power        Failure   Level
 Animate Skeleton         Necr           #.....       93%         1
 Beastly Appendage        Tmut           #.....       93%         1
 Corona                   Hex            #......      93%         1
 Foxfire                  Conj/Fire      #...         93%         1
 Magic Dart               Conj           #...         93%         1
 Pain                     Necr           #...         93%         1
 Sting                    Tmut/Pois      #...         93%         1
 Call Imp                 Summ           #.......     98%         2
 Ensorcelled Hibernation  Hex/Ice        #.....       98%         2
 Poisonous Vapours        Pois/Air       #.....       98%         2
 Slow                     Hex            #.......     98%         2
 Wereblood                Tmut           #.......     98%         2
 Confusing Touch          Hex            #.......     100%        3
 Conjure Flame            Conj/Fire      #.......     100%        3
 Dazzling Flash           Conj/Hex       #.....       100%        3
 Gell's Gravitas          Tloc           #.........   100%        3
 Ignite Poison            Fire/Tmut/Pois #.......     100%        3
 Inner Flame              Hex/Fire       #.......     100%        3
 Mephitic Cloud           Conj/Pois/Air  #.......     100%        3
 Spider Form              Tmut/Pois      #.........   100%        3
 Tukima's Dance           Hex            #.......     100%        3
 Vampiric Draining        Necr           #.........   100%        3
 Animate Dead             Necr           #.........   100%        4
 Cause Fear               Hex            #.........   100%        4
 Ice Form                 Ice/Tmut       #.......     100%        4
 Olgreb's Toxic Radiance  Pois           #.......     100%        4
 Petrify                  Tmut/Erth      #.......     100%        4
 Sticky Flame             Conj/Fire      #.......     100%        4
 Agony                    Necr           #.......     100%        5
 Blade Hands              Tmut           #.........   100%        5
 Fireball                 Conj/Fire      #.........   100%        5
 Metabolic Englaciation   Hex/Ice        #.........   100%        5
 Silence                  Hex/Air        #.........   100%        5
 Yara's Violent Unravell  Hex/Tmut       #.........   100%        5
 Freezing Cloud           Conj/Ice/Air   #.........   100%        6
 Discord                  Hex            #.........   100%        8
 Blink                    Tloc           Unusable     N/A         2

Dungeon Overview and Level Annotations

Branches:
Dungeon (9/15)             Temple (1/1) D:6            Lair (3/6) D:8
  Swamp (0/4) Lair:2       Bailey (visited)         Gauntlet (visited)
  Snake: Lair:2-4    Spider: Lair:2-4       Orc: D:9-12

Altars:
Ashenzari
Cheibriados
Dithmenos
Elyvilon
Fedhas
Gozag
Hepliaklqana
Kikubaaqudgha
Makhleb
Nemelex Xobeh
Okawaru
Qazlal
Ru
Sif Muna
Trog
Uskayaw
Vehumet
Wu Jian
Xom
Yredelemnul
Zin
The Shining One

Shops:
D:4 [   D:8 [

Annotations:
D:7 exclusion: ice statue


Innate Abilities, Weirdness & Mutations

You cannot be hasted, slowed, berserked, paralysed or teleported.
You can dig through walls and to a lower floor.
Your four strong arms can wield two-handed weapons with a shield.
You have a pair of large antennae on your head. (SInv)


Message History

f - a +1 hand crossbow of freezing (weapon)
You block the four-headed hydra's attack. x2
The four-headed hydra misses you.
You block the four-headed hydra's attack.
Firing (i - inventory)
n - 52 bolts (quivered)
Press: ? - help, Shift-Dir - straight line, f - four-headed hydra
Aim: a four-headed hydra (lightly wounded)
You shoot a bolt. The bolt hits the four-headed hydra!
The bolt freezes the four-headed hydra.
The four-headed hydra is moderately wounded.
Firing (i - inventory)
n - 51 bolts (quivered)
Press: ? - help, Shift-Dir - straight line, f/p - four-headed hydra
Aim: a four-headed hydra (moderately wounded)
You shoot a bolt. The bolt hits the four-headed hydra!!!
The bolt freezes the four-headed hydra.
The four-headed hydra is almost dead.
The four-headed hydra misses you. The four-headed hydra bites you!
* * * LOW HITPOINT WARNING * * *
The four-headed hydra bites you!
You die...

..........###|#....##.##.....#.#.
....P.........###................
..#.P..PP.......†............#.#.
...###.......#..###[P#...........
........########.....#.......#.#.
.P....<.# #..[..##...........
.....#### ###.....#.......#.#.
(.....# ##.#....#.....#.#....
......## ##...@P.####...##.#.#.
#......## #...†D#####....###.#.#
##....#.# #......# #P....#####.#
#..##..#####....÷#####.....####..
##.P#..#.##....##.#P..#......#...
...###.......###.............##..
.#####.......##............#.....
.# ##.....................##....#
## #P.....PPP##.......)...###....


You could see a four-headed hydra.

Vanquished Creatures
  A dire elephant (Gauntlet)
  A minotaur (Gauntlet)
  Fannar (Lair:1)
  A catoblepas (Lair:2)
  A hydra (Lair:3)
  A soul eater (Gauntlet)
  Pikel (D:8)
  3 elephants (Gauntlet)
  A cyclops (D:9)
  A black mamba (Lair:2)
  7 cane toads (Lair:1)
  A gargoyle (D:7)
  3 rime drakes
  3 komodo dragons
  6 hippogriffs
  10 blink frogs
  4 shadows (Gauntlet)
  A wraith (D:9)
  9 yaks
  4 basilisks
  A steam dragon (D:6)
  2 vampire mosquitoes (D:8)
  7 insubstantial wisps (Lair:2)
  An acid dragon (D:9)
  9 water moccasins
  Duvessa (D:7)
  7 porcupines
  6 orc warriors
  A black bear (D:9)
  2 ice beasts
  3 phantoms
  2 sky beasts (D:9)
  5 ogres
  12 wolves
  A centaur (D:6)
  9 crocodiles
  3 lemures (D:8)
  9 gnoll sergeants
  12 bullfrogs
  Dowan (D:7)
  4 scorpions
  9 wights
  3 killer bees (D:9)
  2 centaur zombies (D:6)
  2 bullfrog zombies (D:6)
  A quasit (D:9)
  5 hounds
  4 jellies
  3 orc priests (D:8)
  6 gnoll shamans (Bailey)
  14 orc wizards
  3 bullfrog skeletons
  Jessica (D:3)
  7 iguanas
  Ijyb (D:3)
  Natasha (twice) (D:3)
  Terence (D:2)
  6 worker ants
  A killer bee zombie (D:6)
  2 hound zombies (D:6)
  A hound skeleton (D:6)
  A howler monkey zombie (D:6)
  2 worker ant zombies
  Robin (D:3)
  18 gnolls
  2 howler monkey skeletons
  8 adders
  3 shadow imps (Gauntlet)
  2 adder skeletons
  An adder zombie (D:7)
  4 worms
  A dart slug (D:3)
  5 leopard geckos
  32 orcs
  4 ball pythons
  5 giant cockroaches
  16 goblins
  6 hobgoblins
  9 jackals
  2 quokkas
  3 bats
  6 frilled lizards
  2 giant cockroach zombies (D:6)
  8 kobolds
  2 leopard gecko skeletons (D:6)
  3 leopard gecko zombies (D:6)
  A quokka zombie (D:6)
  7 rats
386 creatures vanquished.

Vanquished Creatures (others)
  A fungus (D:8)
  7 plants
  2 withered plants (Gauntlet)
10 creatures vanquished.

Grand Total: 396 creatures vanquished

Notes
Turn   | Place    | Note
-------+----------+-------------------------------------------
     0 | D:1      | Murumi the Formicid Fighter began the quest for the Orb.
     0 | D:1      | Reached XP level 1. HP: 18/18 MP: 1/1
    65 | D:1      | Reached skill level 1 in Dodging
    66 | D:1      | Reached XP level 2. HP: 23/24 MP: 2/2
    96 | D:1      | Reached skill level 4 in Shields
   183 | D:1      | You fall into a shaft and drop 1 floor!
   381 | D:1      | Reached XP level 3. HP: 29/29 MP: 3/3
   897 | D:2      | Noticed Terence
   920 | D:2      | Killed Terence
   920 | D:2      | Reached XP level 4. HP: 15/37 MP: 4/4
  1287 | D:2      | Found a blossoming altar of Fedhas.
  1914 | D:3      | Reached XP level 5. HP: 42/42 MP: 5/5
  2250 | D:3      | Noticed Jessica
  2265 | D:3      | Killed Jessica
  2265 | D:3      | Reached skill level 5 in Shields
  2349 | D:3      | Noticed Natasha
  2360 | D:3      | Killed Natasha
  2411 | D:3      | Noticed Robin
  2443 | D:3      | Killed Robin
  2443 | D:3      | Reached XP level 6. HP: 29/48 MP: 6/6
  2711 | D:3      | Noticed Natasha
  2727 | D:3      | Killed Natasha
  2971 | D:3      | Noticed an orc warrior
  2977 | D:3      | Killed an orc warrior
  2977 | D:3      | Reached skill level 5 in Fighting
  3146 | D:3      | Reached XP level 7. HP: 29/56 MP: 7/7
  3397 | D:4      | Reached skill level 5 in Armour
  3414 | D:4      | Noticed Ijyb
  3426 | D:3      | Killed Ijyb
  3535 | D:4      | Found Niur's Antique Armour Boutique.
  3712 | D:4      | Reached skill level 6 in Shields
  4266 | D:4      | Reached skill level 7 in Shields
  4266 | D:4      | Reached XP level 8. HP: 27/62 MP: 8/8
  4723 | D:5      | Entered Level 5 of the Dungeon
  4723 | D:5      | Found a snail-covered altar of Cheibriados.
  5587 | D:6      | Reached skill level 5 in Long Blades
  5699 | D:6      | Reached skill level 8 in Shields
  5775 | D:6      | Reached XP level 9. HP: 58/69 MP: 9/9
  5845 | D:6      | Found a staircase to the Ecumenical Temple.
  5854 | Temple   | Entered the Ecumenical Temple
  6105 | Temple   | Became a worshipper of Warmaster Okawaru
  6375 | D:6      | Reached skill level 1 in Invocations
  6529 | D:7      | Noticed a gargoyle
  6839 | D:7      | Killed a gargoyle
  6839 | D:7      | Reached * piety under Okawaru
  7024 | D:7      | Noticed Duvessa
  7034 | D:7      | Noticed Dowan
  7044 | D:7      | Killed Duvessa
  7045 | D:7      | Killed Dowan
  7679 | D:7      | Noticed an ice statue
  7743 | D:8      | Found Pofiz's Armour Shoppe.
  7744 | D:8      | Found a flagged portal.
  7757 | Bailey   | Entered a bailey
  7770 | Bailey   | Reached skill level 9 in Shields
  7846 | Bailey   | Reached XP level 10. HP: 78/79 MP: 13/13
  8000 | Bailey   | Reached ** piety under Okawaru
  8492 | Bailey   | Reached skill level 5 in Invocations
  8904 | D:8      | Noticed Pikel
  8925 | D:8      | Killed Pikel
  9132 | D:8      | Bought a +1 pair of gloves for 184 gold pieces
  9240 | D:8      | Reached *** piety under Okawaru
  9367 | D:8      | Found a white marble altar of Elyvilon.
  9618 | D:8      | Reached XP level 11. HP: 69/89 MP: 12/14
  9718 | D:8      | Reached skill level 10 in Shields
  9910 | D:8      | Reached **** piety under Okawaru
 10136 | D:8      | Found a staircase to the Lair.
 10500 | D:9      | Noticed a cyclops
 10514 | D:9      | Killed a cyclops
 10688 | D:9      | Found an ancient bone altar of Kikubaaqudgha.
 11153 | D:9      | Reached ***** piety under Okawaru
 11542 | D:9      | Reached skill level 10 in Fighting
 11767 | D:9      | Received a gift from Okawaru
 11876 | Lair:1   | Entered Level 1 of the Lair of Beasts
 11930 | Lair:1   | Reached skill level 10 in Armour
 11936 | Lair:1   | Found a gate leading to a gauntlet.
 11941 | Gauntlet | Entered a Gauntlet
 11941 | Gauntlet | Found a runed translucent door.
 11941 | Gauntlet | Found a transporter.
 11941 | Gauntlet | Found a transporter.
 11941 | Gauntlet | Found a runed translucent door.
 11941 | Gauntlet | Found a transporter.
 11955 | Gauntlet | Noticed a moth of wrath
 12192 | Gauntlet | Found a transporter.
 12195 | Gauntlet | Found a transporter.
 12203 | Gauntlet | Noticed a wizard
 12206 | Gauntlet | Found a transporter.
 12206 | Gauntlet | Found a transporter.
 12214 | Gauntlet | Found a transporter.
 12214 | Gauntlet | Noticed an entropy weaver
 12228 | Gauntlet | Noticed an elephant
 12228 | Gauntlet | Noticed an elephant
 12230 | Gauntlet | Noticed a dire elephant
 12232 | Gauntlet | Found a transporter.
 12232 | Gauntlet | Noticed an elephant
 12250 | Gauntlet | Found a transporter.
 12253 | Gauntlet | Found a transporter.
 12254 | Gauntlet | Noticed a soul eater
 12265 | Gauntlet | Found a transporter.
 12537 | Gauntlet | Killed a soul eater
 12537 | Gauntlet | Reached skill level 11 in Shields
 12537 | Gauntlet | Reached XP level 12. HP: 15/97 MP: 11/16
 12890 | Gauntlet | Killed a dire elephant
 13142 | Gauntlet | Noticed a minotaur
 13160 | Gauntlet | Killed a minotaur
 13160 | Gauntlet | Reached skill level 12 in Shields
 13663 | Lair:1   | Noticed Fannar
 13677 | Lair:1   | Killed Fannar
 13745 | Lair:1   | Received a gift from Okawaru
 13900 | Lair:1   | Reached skill level 1 in Crossbows
 14019 | Lair:1   | Reached ****** piety under Okawaru
 14730 | Lair:1   | Reached XP level 13. HP: 106/106 MP: 18/18
 15037 | Lair:2   | Reached skill level 5 in Crossbows
 15098 | Lair:2   | Received a gift from Okawaru
 15552 | Lair:2   | Found a staircase to the Swamp.
 16549 | Lair:3   | Noticed a four-headed hydra
 16558 | Lair:3   | Killed a four-headed hydra
 16558 | Lair:3   | Received a gift from Okawaru
 16598 | Lair:3   | Noticed a catoblepas
 16610 | Lair:2   | Killed a catoblepas
 16889 | Lair:3   | Noticed a four-headed hydra
 16932 | Lair:2   | Slain by a four-headed hydra

Illustrated notes

Levels and vault maps discovered:
D:1:      lemuel_arrival_rhombus, layout_basic
D:2:      layout_loops_ring, fedhas_ov_isle_minmay, uniq_terence
D:3:      minmay_inner_zag, layout_rooms, minmay_misc_feat_hallway,
          uniq_natasha, uniq_robin, uniq_jessica
D:4:      minmay_chambers_of_threes, layout_basic, serial_shops, shop,
          corexii_hall_statues_x, glass_columns_b, uniq_ijyb
D:5:      layout_rooms, cheibriados_altar_1
D:6:      layout_rooms, minmay_temple_entry_wispy, serial_undead,
          serial_undead_f, serial_undead_a, serial_undead_e, serial_undead_b,
          serial_undead_d, serial_undead_f, serial_undead_a, serial_undead_d
D:7:      statuecave_lemuel, layout_rooms, uniq_duvessa
D:8:      layout_basic, minmay_lair_entry_grove, enter_bailey_6, serial_shops,
          shop, elyvilon_altar_1, uniq_pikel
D:9:      layout_basic, kiku_gazebo_pond_becter, minmay_bent
Temple:   nicolae_temple_the_god_donut
Lair:1:   layout_long_grid, gauntlet_entry_generic,
          nicolae_volcano_entry_hallway, beast_lair_carwin_7,
          infiniplex_staircase_pool, grunt_megastairs_4, uniq_fannar
Lair:2:   layout_misc_corridors, minmay_swamp_entry_wisps, st_stairs_9
Lair:3:   beast_lair_carwin_large_4, layout_cave_shapes, basic_altar,
          minivault_19, lemuel_oklob_altar

Skill      XL: |  1  2  3  4  5  6  7  8  9 10 11 12 13 |
---------------+----------------------------------------+-----
Dodging        | 1 2 3 4 |  4.0
Shields        | 4 5 7 8 9 11 12 | 12.0
Long Blades    | 3 4 5 6 7 9 |  9.4
Fighting       | 4 5 6 7 9 10 11 | 11.0
Armour         | 4 5 6 7 9 10 11 | 11.0
Invocations    | 4 5 6 7 |  7.0
Crossbows      | 3 9 |  9.0

Action                   |  1- 3 |  4- 6 |  7- 9 | 10-12 | 13-15 || total
-------------------------+-------+-------+-------+-------+-------++-------
Melee: Long sword        |   115 |   176 |    90 |       |       ||   381
       Scimitar          |       |       |   332 |   386 |       ||   718
       Great sword       |       |       |       |   491 |   236 ||   727
 Fire: Hand crossbow     |       |       |       |       |    31 ||    31
Invok: Heroism           |       |       |     2 |    15 |     2 ||    19
       Finesse           |       |       |       |     4 |     1 ||     5
 Abil: Dig               |       |     1 |     2 |     6 |     1 ||    10
  Use: Scroll            |     3 |     8 |     7 |     4 |       ||    22
       Potion            |       |     1 |       |     2 |     2 ||     5
 Stab: Distracted        |       |       |       |       |     1 ||     1
Armor: Scale mail        |    39 |       |       |       |       ||    39
       Chain mail        |       |    71 |   145 |    77 |       ||   293
       Plate armour      |       |       |       |   251 |   161 ||   412
Dodge: Dodged            |    32 |    44 |    93 |   199 |    69 ||   437
Block: Kite shield       |    72 |   106 |   213 |   537 |   166 ||  1094
       Rpst.: Long sword |     7 |    10 |     7 |       |       ||    24
       Scimitar          |       |       |    24 |    24 |       ||    48
       Great sword       |       |       |       |    28 |    16 ||    44

Table legend: (Time is in decaauts)
 A = Elapsed time spent in this place.
 B = Non-inter-level travel time spent in this place.
 C = Inter-level travel time spent in this place.
 D = Time resting spent in this place.
 E = Time spent auto-exploring this place.
 F = Levels seen in this place.
 G = Mean time per level.
                   A        B        C        D        E       F      G
               +--------+--------+--------+--------+--------+-----+--------+
         Total |  17231 |  16098 |   1133 |   1634 |  10393 |  15 | 1148.7 |
       Dungeon |  10920 |  10064 |    856 |    830 |   6753 |   9 | 1213.3 |
        Temple |    263 |    234 |     29 |      0 |    233 |   1 |  263.0 |
          Lair |   3636 |   3389 |    247 |    560 |   1661 |   3 | 1212.0 |
        Bailey |    933 |    933 |      0 |    244 |    435 |   1 |  933.0 |
      Gauntlet |   1477 |   1477 |      0 |      0 |   1310 |   1 | 1477.0 |
               +--------+--------+--------+--------+--------+-----+--------+

Top non-repeatable levels by time:
  Lair:2: 1843 daAuts
     D:8: 1668 daAuts
     D:3: 1652 daAuts
  Lair:1: 1592 daAuts
     D:4: 1505 daAuts
Gauntlet: 1477 daAuts
     D:9: 1461 daAuts
     D:6: 1210 daAuts
     D:7: 985 daAuts
     D:2: 950 daAuts
  Bailey: 933 daAuts
     D:1: 894 daAuts
     D:5: 590 daAuts
  Temple: 263 daAuts
  Lair:3: 201 daAuts
